AoeStats
← LeonGamer7u7

Black Forest

510628620Analyzed
3v3 RM · 24h ago on Oct 1, 2026· 49m 4s· 6 players
Game mode
Random Map
Map size
Normal (6 player)
Population
200
Speed
Normal
Resources
Standard
Victory
Conquest
Starting age
Dark Age
Ending age
Imperial Age
RankedLock teamsTeams togetherTeam positionsShared explorationLock speedFull tech treeHidden civsTurbo modeCheats
Victory
Defeat
🇲🇽 Jurchens · Mexico
945
+13
🇨🇴 Malians · Colombia
927
+14
🇨🇱 Varangians · Chile
872
+17
🇵🇹 Spanish · Portugal
1078
-21
🇵🇹 Vietnamese · Portugal
834
-23
🇵🇹 Persians · Portugal
751
-10
Shantzung
0:34 Loom
12:49 Feudal Age
13:15 Double-Bit Axe
17:20 Bloodlines
17:30 Horse Collar
19:23 Scale Barding Armor
22:42 Man-at-Arms
25:03 Gold Mining
25:03 Stone Mining
31:22 Wheelbarrow
36:30 Castle Age
34:53 Forging
34:43 Scale Mail Armor
38:06 Light Cavalry
38:13 Long Swordsman
39:45 Pikeman
42:20 Hand Cart
43:00 Iron Casting
42:40 Chain Mail Armor
42:17 Fletching
42:27 Padded Archer Armor
43:50 Arson
44:06 Squires
46:21 Bow Saw
46:17 Heavy Plow
49:18 Ballistics
SoundDrake5635
0:38 Loom
12:39 Feudal Age
13:59 Horse Collar
14:49 Man-at-Arms
16:33 Wheelbarrow
20:57 Castle Age
23:55 Squires
23:41 Arson
25:21 Heavy Plow
33:10 Imperial Age
32:56 Scale Mail Armor
33:06 Forging
35:40 Hand Cart
37:45 Elite Gbeto
44:35 Capped Ram
LeonGamer7u7
0:38 Loom
19:20 Feudal Age
20:41 Wheelbarrow
19:47 Horse Collar
19:55 Double-Bit Axe
24:03 Castle Age
23:53 Town Watch
24:54 Heavy Plow
25:15 Hand Cart
25:46 Bow Saw
28:37 Fervor
30:03 Treadmill Crane
30:36 Stone Mining
30:38 Gold Mining
34:49 Imperial Age
33:01 Caravan
33:20 Siege Engineers
33:35 Forging
34:47 Masonry
34:45 Siege Engineers
34:43 Scale Mail Armor
35:58 Gold Shaft Mining
35:58 Stone Shaft Mining
37:20 Chemistry
37:46 Two-Man Saw
37:18 Crop Rotation
37:36 Town Patrol
38:16 Iron Casting
37:43 Murder Holes
38:59 Chain Mail Armor
39:19 Squires
38:41 Pikeman
40:02 Ballistics
40:49 Conscription
40:51 Scale Barding Armor
40:20 Elite Iron Pagoda
41:13 Bloodlines
42:11 Husbandry
42:57 Arson
42:34 Halberdier
42:37 Capped Ram
42:38 Heavy Rocket Cart
42:39 Heavy Scorpion
44:13 Masonry
44:30 Fortified Bastions
44:42 Thunderclap Bombs
49:19 Blast Furnace
48:53 Chain Barding Armor
Woland
11:22 Feudal Age
9:37 Loom
12:20 Double-Bit Axe
12:20 Horse Collar
18:55 Castle Age
17:32 Wheelbarrow
17:51 Stone Mining
19:58 Bow Saw
19:48 Heavy Plow
21:51 Gold Mining
23:21 Stone Shaft Mining
24:13 Hand Cart
27:19 Padded Archer Armor
32:06 Town Watch
35:03 Imperial Age
33:06 Town Patrol
35:56 Masonry
36:54 Elite Conquistador
38:01 Conscription
40:26 Chemistry
42:43 Elite Conquistador
43:25 Pikeman
44:06 Squires
44:19 Forging
44:10 Scale Mail Armor
47:28 Fletching
47:13 Halberdier
paraglider_4
19:02 Feudal Age
20:44 Wheelbarrow
26:43 Horse Collar
28:03 Double-Bit Axe
29:53 Fletching
30:04 Padded Archer Armor
33:01 Gold Mining
36:53 Castle Age
36:06 Bloodlines
38:10 Thumb Ring
37:26 Elite Skirmisher
37:26 Crossbowman
38:37 Bodkin Arrow
38:44 Scale Mail Armor
38:58 Forging
38:54 Scale Barding Armor
40:11 Bow Saw
40:46 Husbandry
SLUG
15:48 Feudal Age
17:34 Town Watch
20:18 Castle Age
18:42 Horse Collar
19:13 Stone Mining
21:38 Pikeman
Connection lost

Rejoining the realm…

Still unreachable

The connection could not be restored.

Session expired

The server has moved on; the page needs a fresh start.